 Dungeon Crawl Stone Soup version 0.29-a0-643-ga013cefcf8 (webtiles) character file.

Game seed: 11970567954353784069

10199 Torious the Destroyer (level 11, -1/54 HPs)
             Began as a Deep Elf Conjurer on June 19, 2022.
             Was an Elder of Sif Muna.
             Slain by a boulder beetle (10 damage)
             ... while petrified by a basilisk
             ... on level 11 of the Dungeon.
             The game lasted 00:43:29 (8237 turns).

Torious the Destroyer (Deep Elf Conjurer)           Turns: 8237, Time: 00:43:30

Health: -1/54      AC:  9    Str:  4    XL:     11   Next: 33%
Magic:  15/28      EV:  2    Int: 28    God:    Sif Muna [****..]
Gold:   237        SH:  0    Dex: 13    Spells: 16/32 levels left

rFire   + . .      SeeInvis .   c - staff of conjuration {!a}
rCold   . . .      Faith    .   (no shield)
rNeg    + + +      Spirit   .   I - +0 robe {rN+}
rPois   ∞          Reflect  .   x - +0 helmet
rElec   .          Harm     .   (no cloak)
rCorr   .          Rampage  .   l - +0 pair of gloves
Will    +....                   D - +0 pair of boots
Stlth   ++........              (no amulet)
HPRegen 0.18/turn               p - ring of protection from fire
MPRegen 0.21/turn               q - +4 ring of protection

@: petrified
A: no striking features
a: Renounce Religion, Channel Magic, Forget Spell, Divine Exegesis


You were on level 11 of the Dungeon.
You worshipped Sif Muna.
Sif Muna was greatly pleased with you.
You visited 2 branches of the dungeon, and saw 12 of its levels.
You also visited: Sewer and Bailey.

You collected 467 gold pieces.
You spent 230 gold pieces at shops.

Inventory:

Hand Weapons
 w - a +1 dagger of speed
Armour
 l - a +0 pair of gloves (worn)
 x - a +0 helmet (worn)
 D - a +0 pair of boots (worn)
 I - a +0 robe of positive energy (worn)
Magical Staves
 a - a staff of air {!a}
 c - a staff of conjuration (weapon) {!a}
Jewellery
 p - a ring of protection from fire (left hand)
 q - a +4 ring of protection (right hand)
 r - a +4 ring of protection
 y - a ring of willpower
Wands
 o - a wand of quicksilver (13)
 u - a wand of paralysis (13)
 v - a wand of mindburst (16)
Scrolls
 b - 5 scrolls of teleportation
 d - a scroll of enchant armour {unknown}
 f - 4 scrolls of magic mapping
 g - a scroll of fog
 h - a scroll of summoning
 j - a scroll of acquirement {unknown}
 k - 4 scrolls of vulnerability
 n - 2 scrolls of poison
 s - 3 scrolls of blinking
 B - 2 scrolls of enchant weapon
Potions
 e - 3 potions of degeneration {unknown}
 i - 3 potions of heal wounds {unknown}
 m - 4 potions of brilliance {unknown}
 t - 3 potions of curing
 z - a potion of mutation {unknown}
 C - a potion of magic
 E - 2 potions of resistance {unknown}
 F - a potion of might {unknown}
 G - a potion of haste {unknown}
 H - 2 potions of attraction {unknown}
 J - a potion of lignification {unknown}
 K - a potion of berserk rage {unknown}


   Skills:
 + Level 10.0 Dodging
 - Level 2.4 Stealth
 + Level 11.1 Spellcasting
 + Level 13.4 Conjurations
 - Level 8.0 Invocations


You had 16 spell levels left.
You knew the following spells:

 Your Spells              Type           Power      Damage    Failure   Level
a - Magic Dart            Conj           100%       1d8       0%          1
b - Searing Ray           Conj           100%       2d8       1%          2
d - Iskenderun's Mystic   Conj/Tloc      68%        2d14      2%          4
e - Fulminant Prism       Conj/Hex       34%        3d16      2%          4
j - Iskenderun's Battles  Conj           94%        2d14      1%          5

Your spell library contained the following spells:

 Spells                   Type           Power      Damage    Failure   Level
 Dazzling Flash           Conj/Hex       100%       N/A       1%          3
 Ozocubu's Armour         Ice            15%        N/A       11%         3
 Summon Ice Beast         Ice/Summ       15%        N/A       34%         4
 Iron Shot                Conj/Erth      34%        9d7       34%         6
 Metabolic Englaciation   Hex/Ice        7%         N/A       69%         5
 Summon Mana Viper        Hex/Summ       15%        N/A       69%         5
 Spellforged Servitor     Conj/Summ      34%        N/A       89%         7
 Simulacrum               Ice/Necr       7%         N/A       99%         6
 Monstrous Menagerie      Summ           7%         N/A       100%        7


Dungeon Overview and Level Annotations

Branches:
Dungeon (11/15)            Temple (1/1) D:5            Lair (0/6) D:11
  Sewer (visited)          Bailey (visited)
    Orc: D:9-12

Altars:
Ashenzari
Dithmenos
Elyvilon
Gozag
Hepliaklqana
Makhleb
Nemelex Xobeh
Okawaru
Sif Muna
Trog
Uskayaw

Shops:
D:7 (?   D:8 =[*

Annotations:
D:9 3 runed translucent doors, CollectiveS's ghost, novice DsAK


Message History

The bush is moderately damaged.
You hear an angry hiss.
You hear a bellow! x2
You hear an angry buzzing noise.
You hear a bellow!
Unknown command.
Unknown command.
Casting: Fulminant Prism (dangerous; 2% risk of failure)
Confirm with . or Enter, or press ? or * to list all spells.
Aiming: Fulminant Prism (dangerous; 2% risk of failure)
Press: ? - help, Dir - move target You feel a surge of power!
You conjure a prism of explosive energy!
A fulminant prism comes into view.
Your limbs are stiffening.
Unknown command.
The boulder beetle leaps!
Your fulminant prism crackles loudly.
The boulder beetle curls into a ball and begins rolling!
You have turned to stone.
A nearby plant withers and dies.
Your fulminant prism explodes!
The blast of energy engulfs the yak!!
The yak is almost dead.
The blast of energy engulfs the bush!!
The bush is heavily damaged.
You hear a bellow! x2
A hornet comes into view.
The boulder beetle hits you but does no damage.
The boulder beetle stops rolling and uncurls.
The hornet buzzes angrily.
The boulder beetle bites you. The boulder beetle bites you!! The yak gores you.
The boulder beetle barely misses you. The yak gores you but does no damage.
The boulder beetle bites you!
The hornet stings you but does no damage.
The boulder beetle bites you! The yak gores you!
The hornet stings you but does no damage.
The hornet barely misses you. The komodo dragon bites you!!
* * * LOW HITPOINT WARNING * * *
The yak gores you but does no damage. The boulder beetle bites you!!
You die...

#...........
##########.<.......##
#...<..Jl............
>.....########.........#
..#.. ..# #.........# #.
#.# ########### # ..
#.###### #.#######.....[#
#.......B@y....#
#.......lY.....#
.#..........P...#
...........P......
#...........♣♣.P..
#.....P...........
#.#.......†.†♣..♣♣ #
#..P....♣.)†$...........
..##............♣........


You could see a boulder beetle, a komodo dragon, a yak and a hornet.

Vanquished Creatures
  Maurice (D:11)
  3 kobold demonologists (D:10)
  A troll (D:9)
  A hornet (D:10)
  2 slime creatures (D:11)
  11 yaks
  A wraith (D:10)
  2 wyverns
  A basilisk (D:11)
  5 water moccasins
  2 sky beasts (D:7)
  3 black bears
  3 orc warriors
  A centaur (D:6)
  5 ogres
  2 wolves (D:10)
  A phantom (D:5)
  3 kobold brigands
  3 gnoll sergeants
  3 bullfrogs
  7 scorpions
  2 necrophages
  26 wights
  17 killer bees
  2 electric eels
  2 jellies
  3 hounds
  5 orc priests
  An iguana (D:5)
  10 orc wizards
  A hell rat (Sewer)
  16 gnolls
  2 river rats (Sewer)
  6 adders
  2 shadow imps
  A white imp (D:8)
  An ufetubus (D:5)
  A worm (D:3)
  3 dart slugs
  22 orcs
  6 endoplasms
  6 giant cockroaches
  8 goblins
  7 hobgoblins
  6 jackals
  23 kobolds
  2 quokkas
  8 ball pythons
  8 bats
  4 frilled lizards
  19 rats
281 creatures vanquished.

Vanquished Creatures (others)
  72 fulminant prisms
  2 fungi (D:11)
  21 plants
95 creatures vanquished.

Grand Total: 376 creatures vanquished

Notes
Turn   | Place    | Note
-------+----------+-------------------------------------------
     0 | D:1      | Torious the Deep Elf Conjurer began the quest for the Orb.
     0 | D:1      | Reached XP level 1. HP: 10/10 MP: 6/6
   317 | D:1      | Reached XP level 2. HP: 15/15 MP: 4/8
   322 | D:1      | Learned a level 2 spell: Searing Ray
   492 | D:1      | Reached skill level 5 in Conjurations
   541 | D:1      | Found a faded altar of an unknown god.
   727 | D:2      | Reached XP level 3. HP: 18/19 MP: 3/10
  1355 | D:3      | Found a broken altar of Ashenzari.
  1480 | D:3      | Reached XP level 4. HP: 24/24 MP: 7/12
  1485 | D:3      | Learned a level 4 spell: Fulminant Prism
  1490 | D:3      | Learned a level 4 spell: Iskenderun's Mystic Blast
  1597 | D:3      | Found a bloodstained altar of Trog.
  1697 | D:3      | Found a shadowy altar of Dithmenos.
  2047 | D:4      | Reached skill level 6 in Conjurations
  2119 | D:4      | Reached XP level 5. HP: 28/28 MP: 5/13
  2262 | D:4      | You fall into a shaft and drop 3 floors!
  2274 | D:7      | Found Gotosem's Antique Weapon Shop.
  2322 | D:7      | Noticed an orc warrior
  2404 | D:7      | Noticed an ogre
  2404 | D:7      | Noticed a sky beast
  2418 | D:7      | Killed an ogre
  2419 | D:7      | Reached skill level 7 in Conjurations
  2419 | D:7      | Reached XP level 6. HP: 32/32 MP: 8/14
  2661 | D:7      | Noticed a sky beast
  2662 | D:7      | Killed a sky beast
  2663 | D:7      | Reached skill level 5 in Dodging
  2663 | D:7      | Reached skill level 8 in Conjurations
  2663 | D:7      | Reached XP level 7. HP: 32/36 MP: 9/15
  2688 | D:5      | Entered Level 5 of the Dungeon
  2823 | D:5      | Found a glowing drain.
  2860 | Sewer    | Entered a sewer
  3666 | D:5      | Reached skill level 9 in Conjurations
  3818 | D:6      | Noticed a +0 spear
  3818 | D:6      | Noticed a +0 short sword
  3818 | D:6      | Noticed a +0 falchion
  3818 | D:6      | Noticed a +0 dagger
  3818 | D:6      | Noticed a +0 spear
  3818 | D:6      | Noticed a +0 falchion
  3818 | D:6      | Noticed a +0 short sword
  3818 | D:6      | Noticed a +0 dagger
  3826 | D:6      | Reached skill level 5 in Spellcasting
  3826 | D:6      | Reached XP level 8. HP: 19/41 MP: 1/17
  3839 | D:6      | Found a hide-covered altar of Uskayaw.
  3907 | D:6      | Found a white marble altar of Elyvilon.
  4140 | D:5      | Found a staircase to the Ecumenical Temple.
  4147 | D:5      | Reached skill level 10 in Conjurations
  4154 | Temple   | Entered the Ecumenical Temple
  4167 | Temple   | Became a worshipper of Sif Muna the Loreminder
  4748 | D:6      | Reached XP level 9. HP: 35/45 MP: 10/21
  4893 | D:6      | Reached skill level 11 in Conjurations
  4947 | D:6      | Reached * piety under Sif Muna
  5320 | D:7      | Found Jaupni's Magic Scroll Shop.
  5323 | D:7      | Bought a scroll of blinking for 82 gold pieces
  5323 | D:7      | Bought a scroll of identify for 22 gold pieces
  5323 | D:7      | Bought a scroll of teleportation for 33 gold pieces
  5323 | D:7      | Bought a scroll of magic mapping for 38 gold pieces
  5323 | D:7      | Bought a scroll of teleportation for 33 gold pieces
  5323 | D:7      | Bought a scroll of fog for 22 gold pieces
  5397 | D:7      | Reached skill level 12 in Conjurations
  5624 | D:8      | Reached ** piety under Sif Muna
  5674 | D:7      | Reached skill level 1 in Invocations
  5805 | D:8      | Found Fejauny's Armour Shop.
  5856 | D:8      | Reached XP level 10. HP: 50/50 MP: 13/24
  6000 | D:8      | Found Qeufihun's Assorted Antiques.
  6022 | D:8      | Found Zuulipsixe's Jewellery Shoppe.
  6077 | D:8      | Reached skill level 5 in Invocations
  6146 | D:8      | Found a sparkling altar of Nemelex Xobeh.
  6652 | D:9      | Reached *** piety under Sif Muna
  6815 | D:9      | Found a runed translucent gate.
  6815 | D:9      | Found a runed translucent gate.
  6816 | D:9      | Found a runed translucent gate.
  6819 | D:9      | Noticed a spectral centaur warrior
  6820 | D:9      | Noticed a spectral centaur warrior
  6821 | D:9      | Noticed a spectral centaur warrior
  6821 | D:9      | Noticed CollectiveS's ghost (novice DsAK)
  6821 | D:9      | Noticed a spectral centaur warrior
  7256 | D:10     | Entered Level 10 of the Dungeon
  7332 | D:10     | Noticed a sixfirhy
  7438 | D:10     | Learned a level 5 spell: Iskenderun's Battlesphere
  7488 | D:10     | Found a flagged portal.
  7496 | D:10     | Reached skill level 10 in Spellcasting
  7511 | Bailey   | Entered a bailey
  7614 | D:10     | Reached skill level 13 in Conjurations
  7614 | D:10     | Reached XP level 11. HP: 54/54 MP: 17/27
  7693 | D:10     | Found an iron altar of Okawaru.
  8023 | D:11     | Found a staircase to the Lair.
  8040 | D:10     | Reached **** piety under Sif Muna
  8217 | D:11     | Noticed Maurice
  8224 | D:11     | Killed Maurice
  8225 | D:11     | Reached skill level 10 in Dodging
  8225 | D:11     | Noticed a boulder beetle
  8237 | D:11     | Slain by a boulder beetle

Illustrated notes

Levels and vault maps discovered:
D:1:      dpeg_arrival_rooms_with_view, layout_rooms, serial_forest,
          infiniplex_forest_lined_2, infiniplex_forest_end_1,
          infiniplex_forest_side_room, infiniplex_forest_straight_3,
          dreamdust_ecumenical_altar_sealed_demon, minivault_11
D:2:      layout_basic
D:3:      layout_basic, mainiacjoe_overflow_brackets,
          mainiacjoe_overflow_catch_the_wave
D:4:      layout_basic
D:5:      layout_basic, minmay_temple_entry_mini_moons, portal_sewer_entry_e,
          minmay_chambers_of_fives
D:6:      layout_rooms, elyvilon_altar_5, nicolae_uskayaw_en_pointe
D:7:      layout_basic, serial_shops, nicolae_shop_overgrown_old_shop,
          kennysheep_mini, serial_bayou_lagoon_a
D:8:      layout_basic, nemelex_spade_bored_becter, serial_shops,
          nicolae_lakefront_shop, nicolae_shop_hallway_plus, shop
D:9:      layout_rooms, gammafunk_ghost_necromancy, nicolae_two_hexagons,
          lemuel_another_geyser
D:10:     layout_basic, overflow_temple_1_default, enter_bailey_5, dk_vineyard_1
D:11:     layout_rooms, minmay_lair_entry_grove, uniq_maurice
Temple:   regret_index_temple_waves

Skill      XL: |  1  2  3  4  5  6  7  8  9 10 11 |
---------------+----------------------------------+-----
Conjurations   | 5 6 7 8 9 10 12 13 | 13.4
Spellcasting   | 4 5 6 8 10 11 | 11.1
Dodging        | 3 4 5 6 7 8 9 10 | 10.0
Invocations    | 3 8 |  8.0
Stealth        | |  2.4

Action                   |  1- 3 |  4- 6 |  7- 9 | 10-12 || total
-------------------------+-------+-------+-------+-------++-------
Melee: Dagger            |     1 |       |    22 |    11 ||    34
       Punch             |       |       |     1 |     1 ||     2
 Cast: Magic Dart        |    80 |    46 |    91 |    16 ||   233
       Searing Ray       |     1 |    13 |    49 |    12 ||    75
       Fulminant Prism   |       |       |    22 |    50 ||    72
       Iskenderun's Myst |       |       |     4 |     8 ||    12
Invok: Channel Magic     |       |       |       |     1 ||     1
  Use: Scroll            |     1 |       |    11 |       ||    12
       Potion            |       |       |     1 |     3 ||     4
Armor: Robe              |     1 |     3 |    37 |    33 ||    74
Dodge: Dodged            |    12 |    11 |    91 |    73 ||   187

Table legend: (Time is in decaauts)
 A = Elapsed time spent in this place.
 B = Non-inter-level travel time spent in this place.
 C = Inter-level travel time spent in this place.
 D = Time resting spent in this place.
 E = Time spent auto-exploring this place.
 F = Levels seen in this place.
 G = Mean time per level.
                   A        B        C        D        E       F      G
               +--------+--------+--------+--------+--------+-----+--------+
         Total |   8421 |   7647 |    774 |     56 |   4703 |  14 |  601.5 |
       Dungeon |   8258 |   7496 |    762 |     56 |   4700 |  11 |  750.7 |
        Temple |     26 |     14 |     12 |      0 |      3 |   1 |   26.0 |
         Sewer |    129 |    129 |      0 |      0 |      0 |   1 |  129.0 |
        Bailey |      6 |      6 |      0 |      0 |      0 |   1 |    6.0 |
               +--------+--------+--------+--------+--------+-----+--------+

Top non-repeatable levels by time:
     D:5: 1142 daAuts
     D:7: 1006 daAuts
     D:4: 932 daAuts
     D:9: 867 daAuts
     D:8: 848 daAuts
    D:10: 796 daAuts
     D:3: 727 daAuts
     D:1: 671 daAuts
     D:2: 624 daAuts
     D:6: 571 daAuts
   Sewer: 129 daAuts
    D:11: 70 daAuts
  Temple: 26 daAuts
  Bailey: 6 daAuts
